 Dungeon Crawl Stone Soup version 0.26-a0-1035-g76280ab330 (webtiles) character file.

Game seed: 12807892892836209297

160 raph the Spear-Bearer (level 5, -1/38 HPs)
             Began as a Merfolk Gladiator on Dec 10, 2020.
             Slain by an orc wizard
             ... wielding a +0 dagger
              (2 damage)
             ... on level 3 of the Dungeon.
             The game lasted 00:04:01 (2929 turns).

raph the Spear-Bearer (Merfolk Gladiator)           Turns: 2929, Time: 00:04:01

Health: -1/38      AC:  4    Str: 14    XL:     5   Next: 41%
Magic:  5/5        EV: 14    Int:  8    God:
Gold:   122        SH:  0    Dex: 16    Spells: 4/4 levels left

rFire    . . .     SeeInvis .   a - +0 trident
rCold    . . .     Faith    .   (no shield)
rNeg     . . .     Spirit   .   b - +0 leather armour
rPois    .         Reflect  .   c - +0 helmet
rElec    .         Harm     .   (no cloak)
rCorr    .         Rampage  .   (no gloves)
Will     .....                  (no boots)
Stlth    +.........             (no amulet)
HPRegen  0.12/turn              (no ring)
MPRegen  0.09/turn              (no ring)

@: hasted, very quick
A: change form in water, swift swim, stealthy swim
a: no special abilities


You were on level 3 of the Dungeon.
You visited 1 branch of the dungeon, and saw 4 of its levels.

You collected 122 gold pieces.

Inventory:

Hand Weapons
 a - a +0 trident (weapon)
Missiles
 d - 3 throwing nets (quivered)
Armour
 b - a +0 leather armour (worn)
 c - a +0 helmet (worn)
 m - a +0 buckler
Jewellery
 q - an uncursed ring of ice
 s - an uncursed ring of resist corrosion
 u - an uncursed ring of flight
Scrolls
 g - 4 scrolls of identify {unknown}
 h - a scroll of teleportation {unknown}
 i - 2 scrolls of immolation {unknown}
 j - 2 scrolls of remove curse {unknown}
 k - a scroll of fear {unknown}
 l - 4 scrolls of enchant weapon {unknown}
 o - a scroll of blinking {unknown}
 p - a scroll of fog {unknown}
Potions
 n - 2 potions of flight {unknown}
 r - a potion of heal wounds {unknown}
 t - 2 potions of lignification {unknown}


   Skills:
 - Level 2.1 Fighting
 + Level 8.6 Polearms
 - Level 2.0 Throwing
 - Level 4.0 Dodging


You had 4 spell levels left.
You didn't know any spells.
Your spell library was empty.

Dungeon Overview and Level Annotations

Branches:
Dungeon (4/15)
 Temple: D:4-7

Altars:
Elyvilon


Message History

The orc wizard hits you but does no damage.
You puncture the orc wizard!
You kill the orc wizard!
The leopard gecko hisses menacingly.
You hear some strange, mumbled words.
A puff of flame appears from out of thin air!
The puff of flame hits you.
* * * LOW HITPOINT WARNING * * *
You are confused.
You're too confused to move!
Something hits you.
* * * LOW HITPOINT WARNING * * *
You bump into the rock wall.
You hear some strange, mumbled words.
A puff of flame appears from out of thin air!
The puff of flame hits you.
* * * LOW HITPOINT WARNING * * *
It was a potion of haste.
You feel yourself speed up.
You feel less confused. Something hits you.
You die...

#.# ## #.# #.# # ....# #.#
#l#.# #.... #.# #o#.#####
#.#.# #.# #oo...... #.#.#
#.# #o####### #.#.# #.#
#.# #.#.#####.###
#.############...........#
#.).))loo{@......#########
#.############.### ### #.#
###


You could see 2 orcs and a leopard gecko.

Vanquished Creatures
  An orc priest (D:3)
  An orc wizard (D:3)
  An adder (D:2)
  An ooze (D:2)
  4 dart slugs
  A leopard gecko (D:1)
  11 orcs (D:3)
  8 bats
  A giant cockroach (D:1)
  7 goblins
  7 hobgoblins
  6 jackals
  2 ball pythons
  5 frilled lizards
  5 kobolds (D:2)
  8 rats
69 creatures vanquished.

Vanquished Creatures (others)
  A bat (D:3)
  A quokka (D:3)
  A rat (D:3)
3 creatures vanquished.

Grand Total: 72 creatures vanquished

Notes
Turn   | Place    | Note
-------+----------+-------------------------------------------
     0 | D:1      | raph the Merfolk Gladiator began the quest for the Orb.
     0 | D:1      | Reached XP level 1. HP: 16/16 MP: 1/1
   142 | D:1      | Reached skill level 5 in Polearms
   144 | D:1      | Reached XP level 2. HP: 22/22 MP: 2/2
   662 | D:1      | Reached skill level 6 in Polearms
   662 | D:1      | Reached XP level 3. HP: 27/27 MP: 3/3
  1310 | D:2      | You fall into a shaft and drop 2 floors!
  1560 | D:2      | Reached XP level 4. HP: 33/33 MP: 4/4
  1636 | D:2      | Reached skill level 7 in Polearms
  2325 | D:3      | Reached skill level 8 in Polearms
  2325 | D:3      | Reached XP level 5. HP: 9/38 MP: 5/5
  2701 | D:3      | Found a white marble altar of Elyvilon.
  2928 | D:3      | HP: 1/38 [something/puff of flame (6)]
  2929 | D:3      | Slain by an orc wizard

Illustrated notes

Levels and vault maps discovered:
D:1:      dpeg_arrival_snail, layout_rooms, minivault_27
D:2:      layout_loops_corners, minmay_misc_feat_alley, minivault_24,
          grunt_ministairs_8
D:3:      cheibrodos_greedy_goblins, layout_basic, elyvilon_altar_4
D:4:      layout_rooms, serial_shops, shop_statue

Skill      XL: |  1  2  3  4 |
---------------+-------------+-----
Polearms       | 5 6 8 |  8.6
Fighting       | |  2.1
Throwing       | |  2.0
Dodging        | |  4.0

Action                   |  1- 3 |  4- 6 || total
-------------------------+-------+-------++-------
Melee: Trident           |   111 |   135 ||   246
  Use: Potion            |       |     2 ||     2
 Stab: Sleeping          |       |     4 ||     4
Armor: Leather armour    |    27 |    12 ||    39
Dodge: Dodged            |    71 |    67 ||   138

Table legend: (Time is in decaauts)
 A = Elapsed time spent in this place.
 B = Non-inter-level travel time spent in this place.
 C = Inter-level travel time spent in this place.
 D = Time resting spent in this place.
 E = Time spent auto-exploring this place.
 F = Levels seen in this place.
 G = Mean time per level.
                   A        B        C        D        E       F      G
               +--------+--------+--------+--------+--------+-----+--------+
         Total |   2917 |   2871 |     46 |    851 |   1442 |   4 |  729.2 |
       Dungeon |   2917 |   2871 |     46 |    851 |   1442 |   4 |  729.2 |
               +--------+--------+--------+--------+--------+-----+--------+

Top non-repeatable levels by time:
     D:2: 1253 daAuts
     D:1: 814 daAuts
     D:3: 811 daAuts
     D:4: 37 daAuts
